 Dungeon Crawl Stone Soup version 0.28-a0-1435-g82390b3a13 (webtiles) character file.

Game seed: 15689924595437762263

186 SensoryNuts the Skirmisher (level 5, -1/42 HPs)
             Began as a Demonspawn Fighter on Jan 9, 2022.
             Slain by a bullfrog (5 damage)
             ... on level 6 of the Dungeon.
             The game lasted 00:02:36 (2343 turns).

SensoryNuts the Skirmisher (Demonspawn Fighter)     Turns: 2343, Time: 00:02:36

Health: -1/42      AC:  6    Str: 18    XL:     5   Next: 38%
Magic:  5/5        EV:  9    Int: 13    God:
Gold:   138        SH:  4    Dex: 13    Spells: 4/4 levels left

rFire   . . .      SeeInvis .   f - +3 hand axe "Naah" {drain, *Rage rN+ Int+4}
rCold   . . .      Faith    .   c - +0 buckler
rNeg    + . .      Spirit   .   b - +0 scale mail
rPois   .          Reflect  .   (helmet restricted)
rElec   .          Harm     .   (no cloak)
rCorr   .          Rampage  .   (no gloves)
Will    .....      Rage     20% (no boots)
Stlth   ..........              (no amulet)
HPRegen 0.14/turn               (no ring)
MPRegen 0.09/turn               (no ring)

@: on berserk cooldown, slowed, very slow
A: claws 1, horns 1, powered by pain 1
a: no special abilities


You were on level 6 of the Dungeon.
You visited 1 branch of the dungeon, and saw 5 of its levels.

You collected 138 gold pieces.

Inventory:

Hand Weapons
 a - a +1 long sword
 f - the +3 hand axe "Naah" (weapon) {drain, *Rage rN+ Int+4}
   (You found it on level 2 of the Dungeon)

   A truly terrible weapon, it drains the life of any living foe it strikes.
   Int:       It affects your intelligence (+4).
   rN:        It protects you from negative energy.
   *Rage:     It berserks you when you make melee attacks (+20% chance).
Armour
 b - a +0 scale mail (worn)
 c - a +0 buckler (worn)
Jewellery
 i - a ring of positive energy
Scrolls
 e - a scroll of magic mapping
 h - 2 scrolls of noise
Potions
 d - a potion of might


   Skills:
 + Level 3.7 Fighting
 - Level 2.2 Long Blades
 * Level 2.3 Axes
 + Level 3.4 Armour
 + Level 1.0 Dodging
 + Level 3.3 Shields


You had 4 spell levels left.
You didn't know any spells.
Your spell library contained the following spells:

 Spells                   Type           Power      Damage    Failure   Level
 Magic Dart               Conj           0%         1d3       77%         1
 Summon Small Mammal      Summ           0%         N/A       77%         1
 Call Imp                 Summ           0%         N/A       88%         2
 Call Canine Familiar     Summ           0%         N/A       98%         3
 Mephitic Cloud           Conj/Pois/Air  0%         N/A       98%         3
 Summon Guardian Golem    Hex/Summ       0%         N/A       98%         3
 Alistair's Intoxication  Tmut/Pois      0%         N/A       100%        5
 Borgnjor's Vile Clutch   Necr/Erth      0%         N/A       100%        5
 Eringya's Noxious Bog    Tmut/Pois      0%         N/A       100%        6


Dungeon Overview and Level Annotations

Branches:
Dungeon (4/15)
 Temple: D:4-7

Altars:
The Shining One


Innate Abilities, Weirdness & Mutations

You have sharp fingernails.
You have a pair of small horns on your head.
You sometimes gain a little power by taking damage.


Message History

The orc warrior is heavily wounded.
The orc warrior hits you with a +0 scimitar!
* * * LOW HITPOINT WARNING * * *
You hit the orc warrior. You headbutt the orc warrior!
The orc warrior is almost dead.
The orc warrior barely misses you.
You barely miss the orc warrior.
The orc warrior is almost dead.
You slash the orc warrior!
You kill the orc warrior!
The adder bites you but does no damage.
Your Axes skill increases to level 2!
Your Dodging skill increases to level 1!
You have reached level 5!
Your demonic ancestry asserts itself...
Your fingernails lengthen.
You feel a strong urge to attack something.
You are no longer berserk.
You are exhausted.
You feel yourself slow down.
Okay, then.
The adder completely misses you.
Okay, then.
The adder bites you but does no damage. The adder bites you but does no damage.
The adder bites you but does no damage. The adder bites you.
* * * LOW HITPOINT WARNING * * *
You block the adder's attack.
Found a club.
The adder barely misses you. The adder barely misses you.
The adder barely misses you.
A bullfrog comes into view.
Found 13 gold pieces.
The bullfrog gives a loud, deep croak!
The adder closely misses you. The adder closely misses you.
You block the bullfrog's attack. The bullfrog hits you.
You die...

#.# #.###
#...# ###.#
#o# #.# #.#
######o#####.
#.$@F........#
#.###S.......#
# #........#
)........#
#.......^##
#........#
#........#
#.....####


You could see a bullfrog, an adder and an orc.

Vanquished Creatures
  An orc warrior (D:6)
  A jelly (D:3)
  2 adders
  2 dart slugs
  3 orcs (D:3)
  6 endoplasms
  A giant cockroach (D:2)
  7 goblins
  A hobgoblin (D:1)
  4 ball pythons
  3 bats (D:2)
  A frilled lizard (D:1)
  7 kobolds
  4 rats
43 creatures vanquished.

Notes
Turn   | Place    | Note
-------+----------+-------------------------------------------
     0 | D:1      | SensoryNuts the Demonspawn Fighter began the quest for the
                  | Orb.
     0 | D:1      | Reached XP level 1. HP: 18/18 MP: 1/1
    37 | D:1      | Found a faded altar of an unknown god.
   274 | D:1      | Discovered your monstrous ancestry.
   274 | D:1      | Gained mutation: You have a pair of small horns on your
                  | head. [demonic ancestry]
   274 | D:1      | Reached XP level 2. HP: 24/24 MP: 2/2
  1196 | D:2      | Gained mutation: You sometimes gain a little power by
                  | taking damage. [demonic ancestry]
  1196 | D:2      | Reached XP level 3. HP: 25/29 MP: 3/3
  1251 | D:2      | Identified the +3 hand axe "Naah" {drain, *Rage rN+ Int+4}
  1470 | D:3      | Reached XP level 4. HP: 35/35 MP: 4/4
  1810 | D:3      | Reached skill level 1 in Axes
  2288 | D:4      | You fall into a shaft and drop 2 floors!
  2316 | D:6      | Noticed an orc warrior
  2326 | D:6      | Killed an orc warrior
  2327 | D:6      | Reached skill level 1 in Dodging
  2327 | D:6      | Gained mutation: You have sharp fingernails. [demonic
                  | ancestry]
  2327 | D:6      | Reached XP level 5. HP: 4/42 MP: 5/5
  2335 | D:6      | HP: 2/42 [adder (2)]
  2343 | D:6      | Slain by a bullfrog

Illustrated notes

Levels and vault maps discovered:
D:1:      ebering_trefoil_3fold, layout_basic,
          shapermc_ecumenical_altar_starsandcircs, minmay_tromino_v4_c
D:2:      layout_basic, kennysheep_cluttered_room
D:3:      layout_basic, tso_metal_star, chequers_jeans
D:4:      layout_basic, nicolae_wormholes
D:6:      layout_loops_ring, nicolae_wu_jian_immortal_techniques,
          uniq_crazy_yiuf_cottage

Skill      XL: |  1  2  3  4 |
---------------+-------------+-----
Long Blades    | 2 |  2.2
Armour         | 3 |  3.4
Shields        | 3 |  3.3
Axes           | 2 |  2.3
Dodging        | 1 |  1.0
Fighting       | |  3.7

Action                   |  1- 3 |  4- 6 || total
-------------------------+-------+-------++-------
Melee: Long sword        |    63 |       ||    63
       Headbutt          |     4 |     3 ||     7
       Hand axe          |     3 |    26 ||    29
  Use: Scroll            |     2 |     1 ||     3
       Potion            |     2 |     1 ||     3
Armor: Scale mail        |    51 |     6 ||    57
Dodge: Dodged            |    27 |    12 ||    39
Block: Buckler           |    21 |     6 ||    27

Table legend: (Time is in decaauts)
 A = Elapsed time spent in this place.
 B = Non-inter-level travel time spent in this place.
 C = Inter-level travel time spent in this place.
 D = Time resting spent in this place.
 E = Time spent auto-exploring this place.
 F = Levels seen in this place.
 G = Mean time per level.
                   A        B        C        D        E       F      G
               +--------+--------+--------+--------+--------+-----+--------+
         Total |   2378 |   2279 |     99 |     34 |   1934 |   5 |  475.6 |
       Dungeon |   2378 |   2279 |     99 |     34 |   1934 |   5 |  475.6 |
               +--------+--------+--------+--------+--------+-----+--------+

Top non-repeatable levels by time:
     D:3: 866 daAuts
     D:2: 729 daAuts
     D:1: 713 daAuts
     D:6: 59 daAuts
     D:4: 10 daAuts
